 Dungeon Crawl Stone Soup version bcrawl-1.37.2 (webtiles) character file.

Game seed: 4461723548663478424

148304 Coyote68 the Twirler (level 5, 32/42 HPs)
             Began as a Demonspawn Gladiator on Nov 23, 2022.
             Quit the game on level 3 of the Dungeon.
             The game lasted 00:09:19 (2263 turns).

Coyote68 the Twirler (Demonspawn Gladiator)         Turns: 2263, Time: 00:09:19

Health: 32/42      AC:  4    Str: 15    XL:     5   Next: 6%
Magic:  5/5        EV: 13    Int: 10    God:
Gold:   149        SH:  0    Dex: 14    Spells: 4/4 levels left

rFire    . . .     GDR:     27% a - +0 quarterstaff
rCold    . . .     SeeInvis .   (shield currently unavailable)
rNeg     . . .     Gourm    +   b - +0 leather armour
rPois    .         Faith    .   (helmet restricted)
rElec    .         Spirit   .   (no cloak)
rCorr    .         Reflect  .   c - +0 pair of gloves
MR       .....                  (no boots)
Stlth    +.........             q - amulet of the gourmand
HPRegen  0.17/turn              (no ring)
MPRegen  0.09/turn              (no ring)

@: no status effects
A: antennae 1, demonic guardian 1
a: no special abilities


You were on level 3 of the Dungeon.
You were hungry.

You visited 1 branch of the dungeon, and saw 3 of its levels.

You collected 149 gold pieces.

Inventory:

Hand Weapons
 a - a +0 quarterstaff (weapon)
Missiles
 d - 3 throwing nets {=f}
Armour
 b - a +0 leather armour (worn)
 c - a +0 pair of gloves (worn)
 h - a +0 helmet
 u - a +0 pair of boots
Jewellery
 q - an amulet of the gourmand (around neck)
Scrolls
 g - 4 scrolls of teleportation
 i - a scroll of identify
 l - a scroll of enchant armour {unknown}
 n - a scroll of magic mapping {unknown}
 p - 2 scrolls of remove curse {unknown}
Potions
 f - 4 potions of heal wounds
 j - 3 potions of invisibility
 k - a potion of resistance
 m - 2 potions of agility
 o - a potion of lignification {unknown}
 r - 2 potions of degeneration {unknown}
 s - a potion of cancellation {unknown}
Comestibles
 e - 3 rations {!d}
 t - 2 chunks of flesh


   Skills:
 + Level 3.7 Fighting
 + Level 4.0 Staves
 + Level 1.7 Throwing
 + Level 1.4 Armour
 + Level 3.2 Dodging
 + Level 0.1 Stealth


You had 4 spell levels left.
You didn't know any spells.
Your spell library contained the following spells:

 Spells                   Type           Power        Failure   Level  Hunger
 Apportation              Tloc           #.....       43%         1    None
 Corona                   Hex            #......      43%         1    None
 Infusion                 Chrm           #.......     43%         1    None
 Sandblast                Erth           #.....       43%         1    None
 Slow                     Hex            #.......     43%         1    None
 Summon Butterflies       Summ           #.......     43%         1    None


Dungeon Overview and Level Annotations

Branches:
Dungeon (3/12)

Altars:


Innate Abilities, Weirdness & Mutations

You have a pair of small antennae on your head.
A weak demonic guardian rushes to your aid.


Message History

You sock the bullfrog!
The bullfrog is moderately wounded.
The bullfrog barely misses you.
Your quasit bites the bullfrog.
Your quasit claws the bullfrog.
Your quasit misses the bullfrog. The bullfrog hits you.
You hit the bullfrog.
The bullfrog is heavily wounded.
The bullfrog closely misses you.
Your quasit bites the bullfrog.
Your quasit claws the bullfrog. x2; The bullfrog misses your quasit.
You sock the bullfrog!
You kill the bullfrog!
Your Staves skill increases to level 4!
You have reached level 5!
Your demonic ancestry asserts itself...
A pair of antennae grows on your head!
Your +0 helmet falls away!
Your quasit disappears in a puff of smoke!
p - 2 scrolls labeled UMYIRE EGIFOBE (gained 1)
You can't wear that with your antennae!
Are you sure you want to abandon this character and quit the game? (Confirm with "yes".)

#.# ###...####.# #.#
........#.#### #
#...##......###
###.#####..####.##....
.. ...##.......######
#.##.##.#######
#.......####
####.......#
#@..####.# #.........#
#.......#..# ##......#
# ##....## ##....
#..... ###.###


There were no monsters in sight!

Vanquished Creatures
  A bullfrog (D:3)
  An ooze (D:2)
  2 dart slugs
  4 worms
  4 leopard geckos
  An orc (D:3)
  2 giant cockroaches
  2 goblins (D:1)
  10 hobgoblins
  10 kobolds
  A quokka (D:2)
  A ball python (D:1)
  3 bats
  3 frilled lizards
  6 rats
51 creatures vanquished.

Notes
Turn   | Place    | Note
-------+----------+-------------------------------------------
     0 | D:1      | Coyote68 the Demonspawn Gladiator began the quest for the
                  | Orb.
     0 | D:1      | Reached XP level 1. HP: 18/18 MP: 1/1
   227 | D:1      | Gained mutation: A weak demonic guardian rushes to your
                  | aid. [demonic ancestry]
   227 | D:1      | Reached XP level 2. HP: 24/24 MP: 2/2
   657 | D:1      | Reached skill level 3 in Staves
  1124 | D:2      | Found a glowing golden altar of the Shining One.
  1156 | D:2      | Reached XP level 3. HP: 8/29 MP: 3/3
  1853 | D:3      | Reached skill level 1 in Armour
  1877 | D:3      | Found a white marble altar of Elyvilon.
  1902 | D:3      | Reached XP level 4. HP: 15/36 MP: 4/4
  2247 | D:3      | Noticed a bullfrog
  2253 | D:3      | Killed a bullfrog
  2254 | D:3      | Reached skill level 4 in Staves
  2254 | D:3      | Gained mutation: You have a pair of small antennae on your
                  | head. [demonic ancestry]
  2254 | D:3      | Reached XP level 5. HP: 31/42 MP: 5/5
  2263 | D:3      | Quit the game

Skill      XL: |  1  2  3  4 |
---------------+-------------+-----
Staves         | 3 4 |  4.0
Dodging        | 3 |  3.2
Armour         | 1 |  1.4
Fighting       | |  3.7
Throwing       | |  1.7
Stealth        | |  0.1

Action                   |  1- 3 |  4- 6 || total
-------------------------+-------+-------++-------
Melee: Quarterstaff      |   164 |    14 ||   178
  Use: Scroll            |     4 |       ||     4
  Eat: Chunk             |     5 |       ||     5
       Ration            |     1 |       ||     1
Armor: Leather armour    |    38 |     1 ||    39
Dodge: Dodged            |   111 |    10 ||   121
